TOP OF THE 1ST |
---|
Michigan Wolverines batting - Pitching for Saint John's Red Storm : RHP Lawrence Law | Pitching: RHP Lawrence Law | | Batting: RHB Bob Casey | 0-0: Ball 1-0: SINGLE (Line Drive, 8LS) | Batting: LHB Myron Reynolds | 0-0: Ball 1-0: Ball 2-0: Called Strike 2-1: Foul Ball, location: 2F 2-2: SINGLE (Flyball, 34D) Bob Casey to second Runner from 2nd tries for 3rd, SAFE, throw made to third | Batting: RHB Mark Roy | 0-0: Ball 1-0: Ball 2-0: Foul Ball, location: 2F 2-1: Ball 3-1: Base on Balls Myron Reynolds to second | Batting: LHB Ken Miller | 0-0: Called Strike 0-1: Ball 1-1: Ball 2-1: Foul Ball, location: 2F 2-2: Reached on error, E6 (Groundball, 6) Bob Casey scores Myron Reynolds to third Mark Roy to second | Batting: LHB Dustin Jones | 0-0: Foul Ball, location: 2F 0-1: Foul Ball, location: 2F 0-2: Foul Ball, location: 2F 0-2: Foul Ball, location: 2F 0-2: Foul Ball, location: 2F 0-2: SINGLE (Groundball, 34S) (infield hit) Myron Reynolds scores Mark Roy to third Ken Miller to second | Batting: RHB Mike Clyne | 0-0: Ball 1-0: Ball 2-0: Ball 3-0: Foul Ball, location: 2F 3-1: Base on Balls Mark Roy scores Ken Miller to third Dustin Jones to second | Batting: SHB Carl Murphy | 0-0: Ball 1-0: Ball 2-0: Ball 3-0: Called Strike 3-1: Base on Balls Ken Miller scores Dustin Jones to third Mike Clyne to second | Batting: RHB David Morgan | 0-0: Ball 1-0: Called Strike 1-1: Ball 2-1: Foul Ball, location: 2F 2-2: Ball 3-2: Strikes out swinging | Batting: RHB Miguel Vega | 0-0: Called Strike 0-1: Called Strike 0-2: Strikes out swinging | Batting: RHB Bob Casey | 0-0: Ball 1-0: Ball 2-0: Fielders Choice at 2nd, 6-4 (Groundball, 6) | Top of the 1st over - 4 runs, 3 hits, 1 error, 3 left on base; Michigan 4 - Saint John's 0 | BOTTOM OF THE 1ST |
---|
Saint John's Red Storm batting - Pitching for Michigan Wolverines : RHP Manny Marte | Pitching: RHP Manny Marte | | Batting: RHB Thomas Barnes | 0-0: Swinging Strike 0-1: SOLO HOME RUN (Flyball, 7LD), Distance : 320 ft | Batting: LHB Larry Bradley | 0-0: Called Strike 0-1: SOLO HOME RUN (Flyball, 9LD), Distance : 332 ft | Batting: LHB Richard Shelton | 0-0: Called Strike 0-1: Ball 1-1: Ball 2-1: Ground out U3 (Groundball, 34S) | Batting: LHB Roger Faulkner | 0-0: Called Strike 0-1: Swinging Strike 0-2: Ball 1-2: Ball 2-2: Strikes out swinging | Batting: SHB Roderick Thurman | 0-0: Ball 1-0: Foul Ball, location: 2F 1-1: Called Strike 1-2: Ball 2-2: Ground out 6-3 (Groundball, 6) | Bottom of the 1st over - 2 runs, 2 hits, 0 errors, 0 left on base; Michigan 4 - Saint John's 2 | TOP OF THE 2ND |
---|
Michigan Wolverines batting - Pitching for Saint John's Red Storm : RHP Lawrence Law | Batting: LHB Myron Reynolds | 0-0: Ball 1-0: Swinging Strike 1-1: Fly out, F9 (Flyball, 9S) | Batting: RHB Mark Roy | 0-0: Called Strike 0-1: Swinging Strike 0-2: Ball 1-2: Ball 2-2: Foul Ball, location: 2F 2-2: Foul Ball, location: 2F 2-2: Strikes out looking | Batting: LHB Ken Miller | 0-0: Ball 1-0: Called Strike 1-1: Ball 2-1: SOLO HOME RUN (Flyball, 9D), Distance : 356 ft | Pitching: LHP Sergio González | | Batting: LHB Dustin Jones | 0-0: Ball 1-0: Foul Ball, location: 2F 1-1: Ball 2-1: Ball 3-1: Base on Balls | Batting: RHB Mike Clyne | 0-0: 2-RUN HOME RUN (Line Drive, 7LD), Distance : 329 ft | Batting: SHB Carl Murphy | 0-0: Ground out 6-3 (Groundball, 6) | Top of the 2nd over - 3 runs, 2 hits, 0 errors, 0 left on base; Michigan 7 - Saint John's 2 | BOTTOM OF THE 2ND |
---|
Saint John's Red Storm batting - Pitching for Michigan Wolverines : RHP Manny Marte | Batting: SHB Timothy McBride | 0-0: Ball 1-0: Ball 2-0: Called Strike 2-1: Ball 3-1: Called Strike 3-2: Base on Balls | Batting: RHB Mark Lester | 0-0: Swinging Strike 0-1: Ball 1-1: Ball 2-1: Foul Ball, location: 2F 2-2: Foul Ball, location: 2F 2-2: Strikes out swinging | Batting: SHB Javier Rosado | 0-0: Foul Ball, location: 2F 0-1: Ball 1-1: Ground out U3 (Groundball, 3S) Timothy McBride to second | Batting: RHB Pete King | 0-0: Foul Ball, location: 2F 0-1: Foul Ball, location: 2F 0-2: Fly out, F8 (Flyball, 89D) | Bottom of the 2nd over - 0 runs, 0 hits, 0 errors, 1 left on base; Michigan 7 - Saint John's 2 | TOP OF THE 3RD |
---|
Michigan Wolverines batting - Pitching for Saint John's Red Storm : LHP Sergio González | Batting: RHB David Morgan | 0-0: Ball 1-0: Ball 2-0: Called Strike 2-1: Called Strike 2-2: Strikes out swinging | Batting: RHB Miguel Vega | 0-0: Ball 1-0: Called Strike 1-1: Ground out 5-3 (Groundball, 56S) | Batting: RHB Bob Casey | 0-0: Ball 1-0: Foul Ball, location: 2F 1-1: Ball 2-1: Ball 3-1: SINGLE (Groundball, 56D) | Batting: LHB Myron Reynolds | 0-0: Ball Bob Casey steals 2nd base 1-0: Foul Ball, location: 2F 1-1: Foul Ball, location: 2F 1-2: Strikes out swinging | Top of the 3rd over - 0 runs, 1 hit, 0 errors, 1 left on base; Michigan 7 - Saint John's 2 | BOTTOM OF THE 3RD |
---|
Saint John's Red Storm batting - Pitching for Michigan Wolverines : RHP Manny Marte | Batting: RHB Thomas Barnes | 0-0: Called Strike 0-1: Hit by Pitch | Batting: LHB Larry Bradley | 0-0: Foul Ball, location: 2F 0-1: Swinging Strike 0-2: Strikes out swinging | Batting: LHB Richard Shelton | 0-0: Called Strike 0-1: Swinging Strike 0-2: Foul Ball, location: 2F 0-2: 2-RUN HOME RUN (Flyball, 9LD), Distance : 323 ft | Batting: LHB Roger Faulkner | 0-0: Ground out 4-3 (Groundball, 34) | Batting: SHB Roderick Thurman | 0-0: SINGLE (Groundball, 3S) (infield hit) | Batting: SHB Timothy McBride | 0-0: Ball 1-0: Foul Ball, location: 2F 1-1: Foul Ball, location: 2F 1-2: Ball 2-2: SINGLE (Line Drive, 6) Roderick Thurman to second Runner from 2nd tries for 3rd, OUT! | Bottom of the 3rd over - 2 runs, 3 hits, 0 errors, 1 left on base; Michigan 7 - Saint John's 4 | TOP OF THE 4TH |
---|
Michigan Wolverines batting - Pitching for Saint John's Red Storm : LHP Sergio González | Batting: RHB Mark Roy | 0-0: Ball 1-0: Foul Ball, location: 2F 1-1: Called Strike 1-2: Ball 2-2: Ball 3-2: Base on Balls | Batting: LHB Ken Miller | 0-0: Grounds into double play, 6-4-3 (Groundball, 6) | Batting: LHB Dustin Jones | 0-0: Called Strike 0-1: Ball 1-1: Swinging Strike 1-2: Strikes out swinging | Top of the 4th over - 0 runs, 0 hits, 0 errors, 0 left on base; Michigan 7 - Saint John's 4 | BOTTOM OF THE 4TH |
---|
Saint John's Red Storm batting - Pitching for Michigan Wolverines : RHP Manny Marte | Batting: RHB Mark Lester | 0-0: Ground out 6-3 (Groundball, 56) | Batting: SHB Javier Rosado | 0-0: Ball 1-0: Called Strike 1-1: SINGLE (Line Drive, 9LS) | Batting: RHB Pete King | 0-0: Called Strike 0-1: Foul Ball, location: 2F 0-2: Strikes out swinging | Batting: RHB Thomas Barnes | 0-0: Called Strike Javier Rosado is caught stealing 2nd base | Bottom of the 4th over - 0 runs, 1 hit, 0 errors, 0 left on base; Michigan 7 - Saint John's 4 | TOP OF THE 5TH |
---|
Michigan Wolverines batting - Pitching for Saint John's Red Storm : LHP Sergio González | Batting: RHB Mike Clyne | 0-0: Called Strike 0-1: Ball 1-1: Foul Ball, location: 2F 1-2: Ball 2-2: Ball 3-2: Foul Ball, location: 2F 3-2: Strikes out swinging | Batting: SHB Carl Murphy | 0-0: Ball 1-0: Fly out, F8 (Flyball, 78D) | Batting: RHB David Morgan | 0-0: Swinging Strike 0-1: Ball 1-1: Foul Ball, location: 2F 1-2: SINGLE (Groundball, 25) (infield hit) | Batting: RHB Miguel Vega | 0-0: Foul Ball, location: 2F 0-1: Ball 1-1: Ball 2-1: Foul Ball, location: 2F 2-2: Strikes out swinging | Top of the 5th over - 0 runs, 1 hit, 0 errors, 1 left on base; Michigan 7 - Saint John's 4 | BOTTOM OF THE 5TH |
---|
Saint John's Red Storm batting - Pitching for Michigan Wolverines : RHP Manny Marte | Batting: RHB Thomas Barnes | 0-0: Ball 1-0: Foul Ball, location: 2F 1-1: Swinging Strike 1-2: Ball 2-2: Strikes out swinging | Batting: LHB Larry Bradley | 0-0: Foul Ball, location: 2F 0-1: Ball 1-1: Ball 2-1: Swinging Strike 2-2: Ball 3-2: Strikes out looking | Batting: LHB Richard Shelton | 0-0: Called Strike 0-1: Ball 1-1: Ball 2-1: Called Strike 2-2: Strikes out looking | Bottom of the 5th over - 0 runs, 0 hits, 0 errors, 0 left on base; Michigan 7 - Saint John's 4 | TOP OF THE 6TH |
---|
Michigan Wolverines batting - Pitching for Saint John's Red Storm : LHP Sergio González | Pitching: RHP Steve Batten | | Batting: RHB Bob Casey | 0-0: Called Strike 0-1: Ball 1-1: Swinging Strike 1-2: Strikes out swinging | Batting: LHB Myron Reynolds | 0-0: Ground out 5-3 (Groundball, 56S) | Batting: RHB Mark Roy | 0-0: Ball 1-0: Ball 2-0: Called Strike 2-1: SOLO HOME RUN (Line Drive, 7LD), Distance : 341 ft | Batting: LHB Ken Miller | 0-0: Swinging Strike 0-1: Ball 1-1: Called Strike 1-2: Ball 2-2: Ball 3-2: Base on Balls | Batting: LHB Dustin Jones | 0-0: Ground out 4-3 (Groundball, 34) | Top of the 6th over - 1 run, 1 hit, 0 errors, 1 left on base; Michigan 8 - Saint John's 4 | BOTTOM OF THE 6TH |
---|
Saint John's Red Storm batting - Pitching for Michigan Wolverines : RHP Manny Marte | Batting: LHB Roger Faulkner | 0-0: Called Strike 0-1: Foul Ball, location: 2F 0-2: Ball 1-2: Ground out 4-3 (Groundball, 4) | Pitching: RHP Chase Stanley | | Batting: SHB Roderick Thurman | 0-0: Ball 1-0: Ball 2-0: Swinging Strike 2-1: Swinging Strike 2-2: Ball 3-2: Strikes out looking | Batting: SHB Timothy McBride | 0-0: Ball 1-0: Ball 2-0: Foul Ball, location: 2F 2-1: SINGLE (Line Drive, 89S) | Batting: RHB Mark Lester | 0-0: Swinging Strike 0-1: Ball 1-1: Foul Ball, location: 2F 1-2: Strikes out looking | Bottom of the 6th over - 0 runs, 1 hit, 0 errors, 1 left on base; Michigan 8 - Saint John's 4 | TOP OF THE 7TH |
---|
Michigan Wolverines batting - Pitching for Saint John's Red Storm : RHP Steve Batten | Batting: RHB Mike Clyne | 0-0: Called Strike 0-1: Called Strike 0-2: Ball 1-2: Ball 2-2: Foul Ball, location: 2F 2-2: Foul Ball, location: 2F 2-2: Strikes out swinging | Batting: SHB Carl Murphy | 0-0: Called Strike 0-1: Ball 1-1: Ball 2-1: Called Strike 2-2: Strikes out looking | Batting: RHB David Morgan | 0-0: Swinging Strike 0-1: Ball 1-1: Foul Ball, location: 2F 1-2: Foul Ball, location: 2F 1-2: Foul Ball, location: 2F 1-2: Foul Ball, location: 2F 1-2: Ball 2-2: Foul Ball, location: 2F 2-2: Foul Ball, location: 2F 2-2: Strikes out swinging | Top of the 7th over - 0 runs, 0 hits, 0 errors, 0 left on base; Michigan 8 - Saint John's 4 | BOTTOM OF THE 7TH |
---|
Saint John's Red Storm batting - Pitching for Michigan Wolverines : RHP Chase Stanley | Batting: SHB Javier Rosado | 0-0: Called Strike 0-1: Ball 1-1: Ball 2-1: Ball 3-1: Called Strike 3-2: Strikes out swinging | Batting: RHB Pete King | 0-0: Swinging Strike 0-1: Reaches on Catchers interference | Batting: RHB Thomas Barnes | 0-0: Hit by Pitch Pete King to second | Batting: LHB Larry Bradley | 0-0: Ball 1-0: Grounds out, U3 (Groundball, 3L) Pete King to third | Batting: LHB Richard Shelton | 0-0: Ball 1-0: Ball 2-0: Ball 3-0: Base on Balls | Batting: LHB Roger Faulkner | 0-0: Foul Ball, location: 2F 0-1: Ball 1-1: Ball 2-1: Swinging Strike 2-2: Foul Ball, location: 2F 2-2: SINGLE (Line Drive, 34D) Pete King scores Thomas Barnes to third Richard Shelton to second Runner from 3rd tries for Home, SAFE, throw made home | Batting: SHB Roderick Thurman | 0-0: Foul Ball, location: 2F 0-1: Called Strike 0-2: SINGLE (Groundball, 5D) Richard Shelton to third Roger Faulkner to second Runner from 3rd tries for Home, throw and OUT! | Bottom of the 7th over - 2 runs, 2 hits, 1 error, 2 left on base; Michigan 8 - Saint John's 6 | TOP OF THE 8TH |
---|
Michigan Wolverines batting - Pitching for Saint John's Red Storm : RHP Steve Batten | Batting: RHB Miguel Vega | 0-0: Ball 1-0: SINGLE (Flyball, 78M) | Batting: RHB Bob Casey | 0-0: Ball 1-0: Sac Bunt - play at first, batter OUT! 2-3 Miguel Vega to second | Batting: LHB Myron Reynolds | 0-0: Intentional Walk | Batting: RHB Mark Roy | 0-0: Called Strike 0-1: Ball 1-1: Foul Ball, location: 2F 1-2: Strikes out swinging | Pitching: LHP Leonard Herrera | | Batting: LHB Ken Miller | 0-0: Swinging Strike 0-1: Foul Ball, location: 2F 0-2: SINGLE (Line Drive, 9S) Miguel Vega to third Myron Reynolds to second | Batting: LHB Dustin Jones | 0-0: Ball 1-0: DOUBLE (Groundball, 5L) Miguel Vega scores Myron Reynolds scores Ken Miller to third Runner from 3rd tries for Home, SAFE, no throw | Batting: RHB Mike Clyne | 0-0: Intentional Walk | Pitching: RHP Mitchell Fitzgerald | | Batting: SHB Carl Murphy | 0-0: Called Strike 0-1: Ball Passed Ball! Dustin Jones to third Mike Clyne to second 1-1: SINGLE (Groundball, 6MD) Dustin Jones scores Mike Clyne to third Runner from 3rd tries for Home, throw and OUT! | Top of the 8th over - 4 runs, 4 hits, 0 errors, 1 left on base; Michigan 12 - Saint John's 6 | BOTTOM OF THE 8TH |
---|
Saint John's Red Storm batting - Pitching for Michigan Wolverines : RHP Chase Stanley | Batting: SHB Timothy McBride | 0-0: Called Strike 0-1: Swinging Strike 0-2: Ball 1-2: Ball 2-2: Strikes out looking | Batting: RHB Mark Lester | 0-0: SINGLE (Groundball, 6MD) | Batting: SHB Javier Rosado | 0-0: Ball 1-0: Foul Ball, location: 2F 1-1: Called Strike 1-2: Foul Ball, location: 2F 1-2: SINGLE (Line Drive, 9S) Mark Lester to second | Batting: RHB Pete King | 0-0: Ball 1-0: Ball 2-0: Ball 3-0: Called Strike 3-1: Base on Balls Mark Lester to third Javier Rosado to second | Batting: RHB Thomas Barnes | 0-0: Ball 1-0: Foul Ball, location: 2F 1-1: Ball 2-1: Ball 3-1: Grounds into double play, 6-4-3 (Groundball, 6) | Bottom of the 8th over - 0 runs, 2 hits, 0 errors, 2 left on base; Michigan 12 - Saint John's 6 | TOP OF THE 9TH |
---|
Michigan Wolverines batting - Pitching for Saint John's Red Storm : RHP Mitchell Fitzgerald | Pitching: RHP Leonardo Castillo | | Batting: RHB David Morgan | 0-0: Called Strike 0-1: Ball 1-1: Foul Ball, location: 2F 1-2: Ball 2-2: Ball 3-2: Strikes out looking | Batting: RHB Miguel Vega | 0-0: Ball 1-0: Ball 2-0: Swinging Strike 2-1: Foul Ball, location: 2F 2-2: Foul Ball, location: 2F 2-2: Strikes out swinging | Batting: RHB Bob Casey | 0-0: Foul Ball, location: 2F 0-1: Ball 1-1: Ball 2-1: Called Strike 2-2: Foul Ball, location: 2F 2-2: Fly out, F8 (Flyball, 8LS) | Top of the 9th over - 0 runs, 0 hits, 0 errors, 0 left on base; Michigan 12 - Saint John's 6 | BOTTOM OF THE 9TH |
---|
Saint John's Red Storm batting - Pitching for Michigan Wolverines : RHP Chase Stanley | Batting: LHB Larry Bradley | 0-0: Ball 1-0: Ball 2-0: Called Strike 2-1: Fly out, F7 (Flyball, 78M) | Batting: LHB Richard Shelton | 0-0: Called Strike 0-1: Foul Ball, location: 2F 0-2: Ball 1-2: Fly out, F8 (Flyball, 8RM) | Batting: LHB Roger Faulkner | 0-0: Ball 1-0: Foul Ball, location: 2F 1-1: Swinging Strike 1-2: Ball 2-2: Ball 3-2: Foul Ball, location: 2F 3-2: Fly out, F9 (Flyball, 9) | Bottom of the 9th over - 0 runs, 0 hits, 0 errors, 0 left on base; Michigan 12 - Saint John's 6 | |